WCHLSIM.com - West Coast Hockey League
html PUBLIC "-//W3C//DTD XHTML 1.0 Transitional//EN" "http://www.w3.org/TR/xhtml1/DTD/xhtml1-transitional.dtd"> WCHL - Game 839 - SALEM BLACK JAYS vs ANCHORAGE ACES

SALEM BLACK JAYS vs ANCHORAGE ACES

Created - 16 février 2020 at 09:23

Goals
1 2 3 OT1 SO T
SALEM BLACK JAYS 0 2 1 0 0 3
ANCHORAGE ACES 0 0 3 0 1 4
Shots
1 2 3 OT1 SO T
SALEM BLACK JAYS 6 10 10 5 3 31
ANCHORAGE ACES 11 6 14 2 2 33

1st period

No Goal

Penalties :
Mitchell Marner (SAL) for Roughing (Minor) at 0:31, Mikko Rantanen (SAL) for High sticking (Minor) at 4:52, Ben Chiarot (ANC) for Slashing (Minor) at 8:12

2nd period

1. SALEM BLACK JAYS , Par Lindholm 4 (Casey Cizikas 9, Martin Necas 1) at 7:05
2. SALEM BLACK JAYS , Joshua Morrissey 5 (Dylan Larkin 39, Mitchell Marner 38) at 12:59

Penalties :
No Penalty

3rd period

3. SALEM BLACK JAYS , Dylan Larkin 29 (Mitchell Marner 39) at 6:22
4. ANCHORAGE ACES , Nathan MacKinnon 39 (Connor McDavid 41, Jacob Trouba 36) at 10:08
5. ANCHORAGE ACES , Leon Draisaitl 33 (Jakob Silfverberg 27, Niklas Hjalmarsson 12) at 15:32
6. ANCHORAGE ACES , Nathan MacKinnon 40 (Jakob Silfverberg 28, Frank Vatrano 15) at 18:04 (PP)

Penalties :
Jacob Trouba (ANC) for Hooking (Minor) at 2:03, Chris Kreider (ANC) for Holding Stick (Minor) at 7:49, Kyle Clifford (SAL) for Hooking (Minor) at 10:09, Adam Larsson (SAL) for Roughing (Double Minor) at 16:13

Overtime #1

No Goal

Penalties :
No Penalty

Shootout

SALEM BLACK JAYS, Mikko Rantanen - Stopped by Martin Jones
ANCHORAGE ACES, Connor McDavid - Shot Misses the Net
SALEM BLACK JAYS, Mitchell Marner - Stopped by Martin Jones
ANCHORAGE ACES, Nathan MacKinnon - Goal!
SALEM BLACK JAYS, Martin Necas - Shot Misses the Net

Penalties :
No Penalty

Goalie Stats

Mike Smith (SAL), 30 saves from 33 shots - (0,909), OTL, 27-18-4, 65:00 minutes
Martin Jones (ANC), 28 saves from 31 shots - (0,903), W, 34-8-5, 65:00 minutes

Players Stats for SALEM BLACK JAYS

Player Name              G  A  P  +/- PIM S  H  SB GA TA FO     MP     PP MP  PK MP  
------------------------------------------------------------------------------------
Adam Larsson             0  0  0   0  4   0  2  0  0  0  0/0    13:02   0:00   0:00 
Anthony DeAngelo         0  0  0   0  0   0  0  0  0  0  0/0     5:19   3:38   0:00 
Casey Cizikas            0  1  1   0  0   2  0  0  0  0  7/17   15:19   0:00   5:46 
Cody Ceci                0  0  0   0  0   0  0  0  0  0  0/0    23:30   2:19   5:10 
Dylan Larkin             1  1  2   2  0   2  1  0  0  0  21/36  24:12   2:57   4:01 
Jason Demers             0  0  0   0  0   2  1  1  0  0  0/0    13:03   0:00   0:00 
Joshua Morrissey         1  0  1   0  0   4  0  2  0  0  0/0    26:52   3:38   5:10 
Kyle Clifford            0  0  0   0  2   1  0  0  0  0  0/0     3:37   0:00   0:00 
Marcus Johansson         0  0  0  -1  0   0  0  0  0  0  0/0    20:39   3:00   0:00 
Martin Necas             0  1  1   0  0   0  2  0  0  0  1/2     9:33   0:00   0:00 
Mathew Barzal            0  0  0  -1  0   4  2  0  0  0  7/20   21:55   3:00   0:00 
Matthew Calvert          0  0  0   2  0   6  2  0  0  0  0/4    23:17   2:57   5:42 
Michal Kempny            0  0  0   1  0   0  1  6  0  0  0/0    22:48   2:19   4:37 
Mikko Rantanen           0  0  0  -1  2   3  1  0  0  0  0/0    21:54   3:00   0:00 
Mitchell Marner          0  2  2   2  2   4  0  0  0  0  0/1    19:32   2:57   0:00 
Par Lindholm             1  0  1   0  0   3  2  0  0  0  0/3    16:34   0:00   4:01 
Scott Mayfield           0  0  0   1  0   0  3  5  0  0  0/0    20:29   0:00   4:37 
Trevor Lewis             0  0  0   0  0   0  0  0  0  0  0/0     3:38   0:00   0:00 

Players Stats for ANCHORAGE ACES

Player Name              G  A  P  +/- PIM S  H  SB GA TA FO     MP     PP MP  PK MP  
------------------------------------------------------------------------------------
Andrew Cogliano          0  0  0  -1  0   0  0  0  0  0  0/0     5:44   0:00   0:00 
Ben Chiarot              0  0  0   0  2   0  3  0  0  0  0/0    21:15   4:29   2:04 
Cal Clutterbuck          0  0  0  -1  0   0  0  0  0  0  0/0     5:51   0:00   0:07 
Chris Kreider            0  0  0   0  2   3  4  0  0  0  1/2    21:16   5:25   0:00 
Connor McDavid           0  1  1   0  0   8  1  0  0  0  6/8    23:18   5:25   0:00 
Darnell Nurse            0  0  0   0  0   2  0  0  0  0  0/0    21:27   4:29   1:33 
Deryk Engelland          0  0  0   0  0   0  0  1  0  0  0/0    17:41   0:00   2:56 
Frank Vatrano            0  1  1   0  0   1  3  0  0  0  1/1    13:50   4:18   0:00 
Jacob Trouba             0  1  1  -1  2   0  2  1  0  0  0/0    23:40   5:14   1:57 
Jakob Silfverberg        0  2  2   0  0   4  1  0  0  0  0/1    22:36   4:18   3:27 
Joonas Donskoi           0  0  0   0  0   1  0  0  0  0  2/4    15:07   0:00   0:00 
Josh Archibald           0  0  0   0  0   1  0  0  0  0  0/0    12:02   0:00   2:30 
Leon Draisaitl           1  0  1   0  0   5  1  0  0  0  12/18  20:56   5:25   0:00 
Nate Thompson            0  0  0  -1  0   0  0  0  0  0  4/6     8:14   0:00   2:30 
Nathan MacKinnon         2  0  2   0  0   7  1  0  0  0  13/27  22:11   4:18   0:00 
Niklas Hjalmarsson       0  1  1   0  0   0  0  0  0  0  0/0    17:58   0:00   3:15 
Ryan Suter               0  0  0  -1  0   0  0  2  0  0  0/0    23:01   5:14   0:09 
Tyler Bozak              0  0  0   0  0   1  0  0  0  0  8/16   12:57   0:00   3:20 

3 Stars

1 - Nathan MacKinnon (ANC)
2 - Dylan Larkin (SAL)
3 - Jakob Silfverberg (ANC)

Power Play

SALEM BLACK JAYS - 0 on 3 Attempt(s) - 0,00%
ANCHORAGE ACES - 1 on 5 Attempt(s) - 20,00%

Penalty Kill

SALEM BLACK JAYS - 4 on 5 Attempt(s) - 80,00% - Score 0 goal in Penalty Kill
ANCHORAGE ACES - 3 on 3 Attempt(s) - 100,00% - Score 0 goal in Penalty Kill

Team Stat

SALEM BLACK JAYS - Hits : 17 - Faceoff Wins : 36 - Blocked Shots : 14 - Penalty Minutes : 10
ANCHORAGE ACES - Hits : 16 - Faceoff Wins : 47 - Blocked Shots : 4 - Penalty Minutes : 6

Official

Referees : Mike Leggo and Steve Kozari
Linesman : Bryan Pancich and Mark Wheler

Game Notes

No Game Note

Finance

Level 1 -- Attendance: 5976 (99,60%) -- Ticket Income 806 760 $
Level 2 -- Attendance: 4283 (85,66%) -- Ticket Income 462 564 $
Level 3 -- Attendance: 1544 (77,20%) -- Ticket Income 131 240 $
Level 4 -- Attendance: 3858 (96,45%) -- Ticket Income 173 610 $
Luxury Box -- Attendance: 1000 (100,00%) -- Ticket Income 210 000 $
Game was played at the Alaska Center.
Total Attendance: 16661 (92,56%)
Total Ticket Income: 1 784 174 $
Other Income: 535 252 $
Total Income: 2 319 426 $

SALEM BLACK JAYS

5 vs 5 Forward 
   Center                   Left Wing                Right Wing               Time % Phy DF OF 
 1 Dylan Larkin             Matthew Calvert          Mitchell Marner          36     0   1  4  
 2 Mathew Barzal            Marcus Johansson         Mikko Rantanen           36     0   1  4  
 3 Casey Cizikas            Par Lindholm             Martin Necas             20     1   2  2  
 4 Par Lindholm             Kyle Clifford            Trevor Lewis             8      3   2  0  

5 vs 5 Defense 
   Defense                  Defense                                           Time % Phy DF OF 
 1 Joshua Morrissey         Cody Ceci                                         36     1   2  2  
 2 Michal Kempny            Scott Mayfield                                    31     1   2  2  
 3 Jason Demers             Adam Larsson                                      23     1   3  1  
 4 Joshua Morrissey         Anthony DeAngelo                                  10     1   3  1  

PowerPlay Forward 
   Center                   Left Wing                Right Wing               Time % Phy DF OF 
 1 Dylan Larkin             Matthew Calvert          Mitchell Marner          55     0   0  5  
 2 Mathew Barzal            Marcus Johansson         Mikko Rantanen           45     0   0  5  

PowerPlay Defense
   Defense                  Defense                                           Time % Phy DF OF 
 1 Joshua Morrissey         Anthony DeAngelo                                  55     1   2  2  
 2 Cody Ceci                Michal Kempny                                     45     1   2  2  

Penalty Kill 4 Players Forward 
   Center                   Wing                     Time % Phy DF OF 
 1 Casey Cizikas            Matthew Calvert          55     1   3  1  
 2 Dylan Larkin             Par Lindholm             45     1   3  1  

Penalty Kill 4 Players Defense
   Defense                  Defense                  Time % Phy DF OF 
 1 Joshua Morrissey         Cody Ceci                55     1   3  1  
 2 Michal Kempny            Scott Mayfield           45     1   3  1  

Penalty Kill - 3 Players Forward 
   Forward                                           Time % Phy DF OF 
 1 Casey Cizikas                                     55     1   2  2  
 2 Dylan Larkin                                      45     1   2  2  

Penalty Kill - 3 Players Defense
   Defense                  Defense                  Time % Phy DF OF 
 1 Joshua Morrissey         Cody Ceci                55     1   3  1  
 2 Michal Kempny            Scott Mayfield           45     1   3  1  

4 vs 4 Forward 
   Center                   Wing                     Time % Phy DF OF 
 1 Mathew Barzal            Mitchell Marner          55     1   2  2  
 2 Dylan Larkin             Mikko Rantanen           45     1   2  2  

4 vs 4 Defense
   Defense                  Defense                  Time % Phy DF OF 
 1 Joshua Morrissey         Anthony DeAngelo         55     1   2  2  
 2 Cody Ceci                Michal Kempny            45     1   2  2  

Last Minutes Offensive
   Center                   Left Wing                Right Wing               Defense                  Defense                  
   Dylan Larkin             Mikko Rantanen           Mitchell Marner          Joshua Morrissey         Anthony DeAngelo         

Last Minutes Defensive
   Center                   Left Wing                Right Wing               Defense                  Defense                  
   Dylan Larkin             Mikko Rantanen           Mitchell Marner          Joshua Morrissey         Anthony DeAngelo         

Goaltenders
Starting : Mike Smith               
Backup : Juuse Saros              

Extra Forwards
Normal : Par Lindholm, Martin Necas, Mitchell Marner - PP : Martin Necas, Par Lindholm - PK : Mathew Barzal
Extra Defensemen
Normal : Michal Kempny, Scott Mayfield, Anthony DeAngelo - PP : Michal Kempny - PK : Scott Mayfield, Anthony DeAngelo
Penalty Shots
Mikko Rantanen, Mitchell Marner, Martin Necas, Mathew Barzal, Marcus Johansson
Custom OT Lines Forwards
Dylan Larkin, Mitchell Marner, Mikko Rantanen, Mathew Barzal, Matthew Calvert, Marcus Johansson, Martin Necas, Casey Cizikas, Par Lindholm, Trevor Lewis
Custom OT Lines Defensemen
Joshua Morrissey, Cody Ceci, Anthony DeAngelo, Adam Larsson, Michal Kempny

Scratches
Andrew Welinski (Healthy), Calle Rosen (Healthy), Devante Stephens (Healthy), Jimmy Schuldt (Healthy), Kevin Gravel (Healthy)
Nicolas Kerdiles (Healthy), Scott Kosmachuk (Healthy), Harri Sateri (Healthy)

ANCHORAGE ACES

5 vs 5 Forward 
   Center                   Left Wing                Right Wing               Time % Phy DF OF 
 1 Nathan MacKinnon         Connor McDavid           Joonas Donskoi           36     0   1  4  
 2 Leon Draisaitl           Chris Kreider            Jakob Silfverberg        34     1   2  2  
 3 Tyler Bozak              Frank Vatrano            Josh Archibald           25     1   3  1  
 4 Nate Thompson            Andrew Cogliano          Cal Clutterbuck          5      1   2  2  

5 vs 5 Defense 
   Defense                  Defense                                           Time % Phy DF OF 
 1 Jacob Trouba             Ryan Suter                                        33     1   2  2  
 2 Darnell Nurse            Deryk Engelland                                   33     1   2  2  
 3 Niklas Hjalmarsson       Ben Chiarot                                       33     1   3  1  
 4 Ryan Suter               Jacob Trouba                                      1      1   3  1  

PowerPlay Forward 
   Center                   Left Wing                Right Wing               Time % Phy DF OF 
 1 Connor McDavid           Chris Kreider            Leon Draisaitl           55     0   1  4  
 2 Nathan MacKinnon         Frank Vatrano            Jakob Silfverberg        45     0   1  4  

PowerPlay Defense
   Defense                  Defense                                           Time % Phy DF OF 
 1 Ryan Suter               Jacob Trouba                                      55     1   2  2  
 2 Darnell Nurse            Ben Chiarot                                       45     1   2  2  

Penalty Kill 4 Players Forward 
   Center                   Wing                     Time % Phy DF OF 
 1 Tyler Bozak              Jakob Silfverberg        55     1   2  2  
 2 Nate Thompson            Josh Archibald           45     1   2  2  

Penalty Kill 4 Players Defense
   Defense                  Defense                  Time % Phy DF OF 
 1 Niklas Hjalmarsson       Deryk Engelland          55     1   3  1  
 2 Ben Chiarot              Jacob Trouba             45     1   3  1  

Penalty Kill - 3 Players Forward 
   Forward                                           Time % Phy DF OF 
 1 Tyler Bozak                                       55     0   5  0  
 2 Nate Thompson                                     45     0   5  0  

Penalty Kill - 3 Players Defense
   Defense                  Defense                  Time % Phy DF OF 
 1 Niklas Hjalmarsson       Deryk Engelland          55     1   4  0  
 2 Darnell Nurse            Ben Chiarot              45     1   4  0  

4 vs 4 Forward 
   Center                   Wing                     Time % Phy DF OF 
 1 Nathan MacKinnon         Connor McDavid           55     1   2  2  
 2 Leon Draisaitl           Tyler Bozak              45     1   2  2  

4 vs 4 Defense
   Defense                  Defense                  Time % Phy DF OF 
 1 Ryan Suter               Jacob Trouba             55     1   2  2  
 2 Darnell Nurse            Ben Chiarot              45     1   2  2  

Last Minutes Offensive
   Center                   Left Wing                Right Wing               Defense                  Defense                  
   Nathan MacKinnon         Leon Draisaitl           Connor McDavid           Ryan Suter               Jacob Trouba             

Last Minutes Defensive
   Center                   Left Wing                Right Wing               Defense                  Defense                  
   Nathan MacKinnon         Leon Draisaitl           Jakob Silfverberg        Niklas Hjalmarsson       Jacob Trouba             

Goaltenders
Starting : Martin Jones             
Backup : James Reimer             

Extra Forwards
Normal : Tyler Bozak, Nathan MacKinnon, Cal Clutterbuck - PP : Nathan MacKinnon, Nate Thompson - PK : Cal Clutterbuck
Extra Defensemen
Normal : Deryk Engelland, Ben Chiarot, Darnell Nurse - PP : Deryk Engelland - PK : Ben Chiarot, Darnell Nurse
Penalty Shots
Connor McDavid, Nathan MacKinnon, Leon Draisaitl, Chris Kreider, Jakob Silfverberg
Custom OT Lines Forwards
Nathan MacKinnon, Connor McDavid, Leon Draisaitl, Chris Kreider, Jakob Silfverberg, Tyler Bozak, Joonas Donskoi, Nate Thompson, Cal Clutterbuck, Josh Archibald
Custom OT Lines Defensemen
Ryan Suter, Jacob Trouba, Darnell Nurse, Ben Chiarot, Niklas Hjalmarsson

Scratches
Braden Christoffer (Healthy), Brendan Woods (Healthy), Frank Hora (Healthy), Jonathan Racine (Healthy), Reid Gardiner (Healthy)
Tom Kuhnhackl (Healthy)

% Time on Ice - SALEM BLACK JAYS

Lines # - Real PCT - Wanted PCT - Time Play
Normal Forward
1 - 32% - 36% - 14:04
2 - 39% - 36% - 17:05
3 - 22% - 20% - 9:33
4 - 8% - 8% - 3:38
Normal Defense
1 - 32% - 36% - 14:18
2 - 36% - 31% - 15:52
3 - 29% - 23% - 13:03
4 - 3% - 10% - 1:07
PP Forward
1 - 50% - 55% - 2:57
2 - 50% - 45% - 3:00
PP Defense
1 - 61% - 55% - 3:38
2 - 39% - 45% - 2:19
PK Forward
1 - 59% - 55% - 5:42
2 - 41% - 45% - 4:01
PK Defense
1 - 52% - 55% - 5:06
2 - 48% - 45% - 4:37
PK3 Forward
1 - 100% - 55% - 0:04
2 - 0% - 45% - 0:00
PK3 Defense
1 - 100% - 55% - 0:04
2 - 0% - 45% - 0:00
44 Forward
1 - 0% - 55%
2 - 0% - 45%
44 Defense
1 - 0% - 55%
2 - 0% - 45%
Last Minute Offensive  - 0:00
Last Minute Defensive  - 0:00
Total
Forward - 60:04
Defense - 60:04

% Time on Ice - ANCHORAGE ACES

Lines # - Real PCT - Wanted PCT - Time Play
Normal Forward
1 - 34% - 36% - 15:07
2 - 31% - 34% - 13:57
3 - 22% - 25% - 9:32
4 - 13% - 5% - 5:44
Normal Defense
1 - 34% - 33% - 14:52
2 - 33% - 33% - 14:45
3 - 33% - 33% - 14:43
4 - 0% - 1% - 0:00
PP Forward
1 - 56% - 55% - 5:25
2 - 44% - 45% - 4:18
PP Defense
1 - 54% - 55% - 5:14
2 - 46% - 45% - 4:29
PK Forward
1 - 58% - 55% - 3:27
2 - 42% - 45% - 2:30
PK Defense
1 - 49% - 55% - 2:56
2 - 51% - 45% - 3:01
PK3 Forward
1 - 0% - 55%
2 - 0% - 45%
PK3 Defense
1 - 0% - 55%
2 - 0% - 45%
44 Forward
1 - 100% - 55% - 0:04
2 - 0% - 45% - 0:00
44 Defense
1 - 100% - 55% - 0:04
2 - 0% - 45% - 0:00
Last Minute Offensive  - 0:00
Last Minute Defensive  - 0:00
Total
Forward - 60:04
Defense - 60:04

Play-by-Play

1st period


0:01 of 1st period - Dylan Larkin wins face-off versus Nathan MacKinnon in neutral zone.
0:12 of 1st period - Shot by Matthew Calvert.
0:12 of 1st period - Shot Misses the Net.
0:31 of 1st period - Minor Penalty to Mitchell Marner for Roughing.
0:32 of 1st period - Connor McDavid wins face-off versus Matthew Calvert in SALEM BLACK JAYS zone.
0:41 of 1st period - Shot by Leon Draisaitl.
0:41 of 1st period - Stopped by Mike Smith with a rebound.
0:43 of 1st period - Shot by Leon Draisaitl.
0:43 of 1st period - Shot Blocked by Michal Kempny.
0:45 of 1st period - Shot by Connor McDavid.
0:45 of 1st period - Shot Blocked by Scott Mayfield.
0:47 of 1st period - Shot by Darnell Nurse.
0:47 of 1st period - Stopped by Mike Smith without a rebound.
0:48 of 1st period - Nathan MacKinnon wins face-off versus Dylan Larkin in SALEM BLACK JAYS zone.
0:53 of 1st period - Shot by Nathan MacKinnon.
0:53 of 1st period - Stopped by Mike Smith without a rebound.
0:54 of 1st period - Nathan MacKinnon wins face-off versus Dylan Larkin in SALEM BLACK JAYS zone.
1:29 of 1st period - Casey Cizikas is hit by Frank Vatrano and loses puck.
2:00 of 1st period - Casey Cizikas is hit by Connor McDavid and loses puck.
2:21 of 1st period - Shot by Chris Kreider.
2:21 of 1st period - Shot Misses the Net.
2:23 of 1st period - Shot by Darnell Nurse.
2:23 of 1st period - Stopped by Mike Smith without a rebound.
2:24 of 1st period - Connor McDavid wins face-off versus Dylan Larkin in SALEM BLACK JAYS zone.
2:29 of 1st period - Shot by Chris Kreider.
2:29 of 1st period - Shot Blocked by Michal Kempny.
2:31 of 1st period - Shot by Connor McDavid.
2:31 of 1st period - Shot Misses the Net.
2:54 of 1st period - Nate Thompson is hit by Adam Larsson and loses puck.
3:14 of 1st period - Shot by Mikko Rantanen.
3:14 of 1st period - Stopped by Martin Jones without a rebound.
3:15 of 1st period - Leon Draisaitl wins face-off versus Par Lindholm in ANCHORAGE ACES zone.
3:22 of 1st period - Icing by Scott Mayfield.
3:23 of 1st period - Chris Kreider wins face-off versus Par Lindholm in SALEM BLACK JAYS zone.
3:28 of 1st period - Shot by Jakob Silfverberg.
3:28 of 1st period - Shot Misses the Net.
3:30 of 1st period - Shot by Leon Draisaitl.
3:30 of 1st period - Shot Misses the Net.
4:08 of 1st period - Shot by Leon Draisaitl.
4:08 of 1st period - Deflect By Chris Kreider.
4:08 of 1st period - Stopped by Mike Smith without a rebound.
4:09 of 1st period - Dylan Larkin wins face-off versus Tyler Bozak in SALEM BLACK JAYS zone.
4:11 of 1st period - Icing by Mitchell Marner.
4:12 of 1st period - Dylan Larkin wins face-off versus Tyler Bozak in SALEM BLACK JAYS zone.
4:14 of 1st period - Icing by Mitchell Marner.
4:15 of 1st period - Dylan Larkin wins face-off versus Joonas Donskoi in SALEM BLACK JAYS zone.
4:22 of 1st period - Icing by Joonas Donskoi.
4:23 of 1st period - Connor McDavid wins face-off versus Mathew Barzal in ANCHORAGE ACES zone.
4:52 of 1st period - Minor Penalty to Mikko Rantanen for High sticking.
4:53 of 1st period - Leon Draisaitl wins face-off versus Casey Cizikas in SALEM BLACK JAYS zone.
4:53 of 1st period - Connor McDavid is hit by Scott Mayfield and loses puck.
5:26 of 1st period - Shot by Leon Draisaitl.
5:26 of 1st period - Stopped by Mike Smith without a rebound.
5:27 of 1st period - Dylan Larkin wins face-off versus Nathan MacKinnon in SALEM BLACK JAYS zone.
5:27 of 1st period - Joshua Morrissey is hit by Frank Vatrano and loses puck.
6:30 of 1st period - Connor McDavid is hit by Scott Mayfield and loses puck.
6:40 of 1st period - Icing by Ben Chiarot.
6:41 of 1st period - Connor McDavid wins face-off versus Dylan Larkin in ANCHORAGE ACES zone.
6:41 of 1st period - Connor McDavid is hit by Par Lindholm.
6:49 of 1st period - Shot by Leon Draisaitl.
6:49 of 1st period - Deflect By Chris Kreider.
6:49 of 1st period - Shot Misses the Net.
6:51 of 1st period - Shot by Ben Chiarot.
6:51 of 1st period - Shot Misses the Net.
7:55 of 1st period - Shot by Leon Draisaitl.
7:55 of 1st period - Stopped by Mike Smith without a rebound.
7:56 of 1st period - Dylan Larkin wins face-off versus Tyler Bozak in SALEM BLACK JAYS zone.
8:08 of 1st period - Mitchell Marner is hit by Ben Chiarot and loses puck.
8:12 of 1st period - Minor Penalty to Ben Chiarot for Slashing.
8:13 of 1st period - Dylan Larkin wins face-off versus Tyler Bozak in ANCHORAGE ACES zone.
8:31 of 1st period - Off-side.
8:32 of 1st period - Dylan Larkin wins face-off versus Tyler Bozak in neutral zone.
9:35 of 1st period - Shot by Joshua Morrissey.
9:35 of 1st period - Stopped by Martin Jones with a rebound.
10:12 of 1st period - Icing by Matthew Calvert.
10:13 of 1st period - Nathan MacKinnon wins face-off versus Casey Cizikas in SALEM BLACK JAYS zone.
10:39 of 1st period - Icing by Par Lindholm.
10:40 of 1st period - Martin Necas wins face-off versus Leon Draisaitl in SALEM BLACK JAYS zone.
10:40 of 1st period - Martin Necas is hit by Leon Draisaitl.
11:43 of 1st period - Icing by Niklas Hjalmarsson.
11:44 of 1st period - Dylan Larkin wins face-off versus Nathan MacKinnon in ANCHORAGE ACES zone.
12:22 of 1st period - Shot by Connor McDavid.
12:22 of 1st period - Stopped by Mike Smith with a rebound.
12:52 of 1st period - Shot by Tyler Bozak.
12:52 of 1st period - Stopped by Mike Smith without a rebound.
12:53 of 1st period - Mathew Barzal wins face-off versus Leon Draisaitl in SALEM BLACK JAYS zone.
14:09 of 1st period - Frank Vatrano is hit by Jason Demers.
14:27 of 1st period - Shot by Josh Archibald.
14:27 of 1st period - Stopped by Mike Smith with a rebound.
14:37 of 1st period - Shot by Nathan MacKinnon.
14:37 of 1st period - Stopped by Mike Smith without a rebound.
14:38 of 1st period - Dylan Larkin wins face-off versus Nathan MacKinnon in SALEM BLACK JAYS zone.
14:52 of 1st period - Shot by Connor McDavid.
14:52 of 1st period - Shot Blocked by Scott Mayfield.
14:57 of 1st period - Icing by Michal Kempny.
14:58 of 1st period - Leon Draisaitl wins face-off versus Dylan Larkin in SALEM BLACK JAYS zone.
15:05 of 1st period - Shot by Dylan Larkin.
15:05 of 1st period - Shot Misses the Net.
15:15 of 1st period - Shot by Matthew Calvert.
15:15 of 1st period - Shot Misses the Net.
15:17 of 1st period - Shot by Dylan Larkin.
15:17 of 1st period - Shot Misses the Net.
15:19 of 1st period - Shot by Matthew Calvert.
15:19 of 1st period - Stopped by Martin Jones without a rebound.
15:20 of 1st period - Nathan MacKinnon wins face-off versus Mathew Barzal in ANCHORAGE ACES zone.
15:30 of 1st period - Icing by Connor McDavid.
15:31 of 1st period - Mathew Barzal wins face-off versus Nathan MacKinnon in ANCHORAGE ACES zone.
16:08 of 1st period - Shot by Mathew Barzal.
16:08 of 1st period - Stopped by Martin Jones without a rebound.
16:09 of 1st period - Dylan Larkin wins face-off versus Tyler Bozak in ANCHORAGE ACES zone.
16:20 of 1st period - Shot by Mitchell Marner.
16:20 of 1st period - Stopped by Martin Jones without a rebound.
16:21 of 1st period - Casey Cizikas wins face-off versus Leon Draisaitl in ANCHORAGE ACES zone.
16:58 of 1st period - Shot by Jakob Silfverberg.
16:58 of 1st period - Shot Misses the Net.
17:52 of 1st period - Shot by Tyler Bozak.
17:52 of 1st period - Deflect By Josh Archibald.
17:52 of 1st period - Shot Misses the Net.
18:05 of 1st period - Off-side.
18:06 of 1st period - Nathan MacKinnon wins face-off versus Dylan Larkin in neutral zone.
19:00 of 1st period - Off-side.
19:01 of 1st period - Mathew Barzal wins face-off versus Leon Draisaitl in neutral zone.
19:12 of 1st period - Shot by Mikko Rantanen.
19:12 of 1st period - Deflect By Mathew Barzal.
19:12 of 1st period - Stopped by Martin Jones without a rebound.
19:13 of 1st period - Tyler Bozak wins face-off versus Mathew Barzal in ANCHORAGE ACES zone.
19:22 of 1st period - Shot by Frank Vatrano.
19:22 of 1st period - Shot Blocked by Michal Kempny.
Goals for this period are 0 for SALEM BLACK JAYS vs 0 for ANCHORAGE ACES.
Shots for this period are 6 for SALEM BLACK JAYS vs 11 for ANCHORAGE ACES.

2nd period


0:01 of 2nd period - Leon Draisaitl wins face-off versus Matthew Calvert in neutral zone.
1:20 of 2nd period - Shot by Mikko Rantanen.
1:20 of 2nd period - Stopped by Martin Jones without a rebound.
1:21 of 2nd period - Casey Cizikas wins face-off versus Tyler Bozak in ANCHORAGE ACES zone.
1:32 of 2nd period - Shot by Frank Vatrano.
1:32 of 2nd period - Shot Blocked by Jason Demers.
1:58 of 2nd period - Shot by Casey Cizikas.
1:58 of 2nd period - Shot Misses the Net.
3:32 of 2nd period - Shot by Jakob Silfverberg.
3:32 of 2nd period - Stopped by Mike Smith without a rebound.
3:33 of 2nd period - Dylan Larkin wins face-off versus Nate Thompson in SALEM BLACK JAYS zone.
4:10 of 2nd period - Shot by Mitchell Marner.
4:10 of 2nd period - Shot Blocked by Deryk Engelland.
4:42 of 2nd period - Shot by Casey Cizikas.
4:42 of 2nd period - Stopped by Martin Jones with a rebound.
4:44 of 2nd period - Shot by Par Lindholm.
4:44 of 2nd period - Stopped by Martin Jones with a rebound.
4:46 of 2nd period - Shot by Jason Demers.
4:46 of 2nd period - Shot Blocked by Jacob Trouba.
4:48 of 2nd period - Shot by Adam Larsson.
4:48 of 2nd period - Shot Misses the Net.
4:50 of 2nd period - Shot by Jason Demers.
4:50 of 2nd period - Stopped by Martin Jones with a rebound.
5:16 of 2nd period - Shot by Dylan Larkin.
5:16 of 2nd period - Shot Misses the Net.
5:51 of 2nd period - Icing by Jacob Trouba.
5:52 of 2nd period - Mathew Barzal wins face-off versus Jakob Silfverberg in ANCHORAGE ACES zone.
7:03 of 2nd period - Shot by Casey Cizikas.
7:03 of 2nd period - Shot Misses the Net.
7:05 of 2nd period - Shot by Par Lindholm.
7:05 of 2nd period - Goal by Par Lindholm - SALEM BLACK JAYS : 1 - ANCHORAGE ACES : 0.
7:06 of 2nd period - Dylan Larkin wins face-off versus Joonas Donskoi in neutral zone.
7:11 of 2nd period - Shot by Dylan Larkin.
7:11 of 2nd period - Deflect By Mitchell Marner.
7:11 of 2nd period - Shot Misses the Net.
9:27 of 2nd period - Shot by Cal Clutterbuck.
9:27 of 2nd period - Shot Misses the Net.
10:01 of 2nd period - Shot by Connor McDavid.
10:01 of 2nd period - Shot Misses the Net.
10:04 of 2nd period - Icing by Adam Larsson.
10:05 of 2nd period - Casey Cizikas wins face-off versus Nate Thompson in SALEM BLACK JAYS zone.
10:18 of 2nd period - Shot by Par Lindholm.
10:18 of 2nd period - Shot Misses the Net.
10:20 of 2nd period - Shot by Martin Necas.
10:20 of 2nd period - Shot Misses the Net.
10:22 of 2nd period - Shot by Adam Larsson.
10:22 of 2nd period - Shot Blocked by Ryan Suter.
10:24 of 2nd period - Shot by Adam Larsson.
10:24 of 2nd period - Shot Blocked by Ryan Suter.
10:26 of 2nd period - Shot by Casey Cizikas.
10:26 of 2nd period - Shot Misses the Net.
10:28 of 2nd period - Shot by Jason Demers.
10:28 of 2nd period - Stopped by Martin Jones with a rebound.
10:30 of 2nd period - Shot by Casey Cizikas.
10:30 of 2nd period - Stopped by Martin Jones without a rebound.
10:31 of 2nd period - Tyler Bozak wins face-off versus Mathew Barzal in ANCHORAGE ACES zone.
11:33 of 2nd period - Leon Draisaitl is hit by Par Lindholm and loses puck.
11:49 of 2nd period - Trevor Lewis is hit by Chris Kreider and loses puck.
12:00 of 2nd period - Jason Demers is hit by Jakob Silfverberg and loses puck.
12:21 of 2nd period - Shot by Connor McDavid.
12:21 of 2nd period - Stopped by Mike Smith without a rebound.
12:22 of 2nd period - Nate Thompson wins face-off versus Dylan Larkin in SALEM BLACK JAYS zone.
12:47 of 2nd period - Shot by Mitchell Marner.
12:47 of 2nd period - Stopped by Martin Jones with a rebound.
12:57 of 2nd period - Shot by Dylan Larkin.
12:57 of 2nd period - Shot Misses the Net.
12:59 of 2nd period - Shot by Joshua Morrissey.
12:59 of 2nd period - Goal by Joshua Morrissey - SALEM BLACK JAYS : 2 - ANCHORAGE ACES : 0.
13:00 of 2nd period - Nathan MacKinnon wins face-off versus Mathew Barzal in neutral zone.
13:16 of 2nd period - Nathan MacKinnon is hit by Scott Mayfield and loses puck.
13:29 of 2nd period - Shot by Connor McDavid.
13:29 of 2nd period - Stopped by Mike Smith without a rebound.
13:30 of 2nd period - Tyler Bozak wins face-off versus Dylan Larkin in SALEM BLACK JAYS zone.
13:45 of 2nd period - Shot by Tyler Bozak.
13:45 of 2nd period - Shot Misses the Net.
13:59 of 2nd period - Shot by Frank Vatrano.
13:59 of 2nd period - Shot Misses the Net.
14:27 of 2nd period - Icing by Joshua Morrissey.
14:28 of 2nd period - Nathan MacKinnon wins face-off versus Dylan Larkin in SALEM BLACK JAYS zone.
14:55 of 2nd period - Shot by Nathan MacKinnon.
14:55 of 2nd period - Shot Misses the Net.
15:09 of 2nd period - Shot by Connor McDavid.
15:09 of 2nd period - Stopped by Mike Smith with a rebound.
15:34 of 2nd period - Joshua Morrissey is hit by Chris Kreider and loses puck.
16:03 of 2nd period - Shot by Mathew Barzal.
16:03 of 2nd period - Stopped by Martin Jones without a rebound.
16:04 of 2nd period - Frank Vatrano wins face-off versus Casey Cizikas in ANCHORAGE ACES zone.
16:10 of 2nd period - Tyler Bozak is hit by Martin Necas and loses puck.
16:18 of 2nd period - Frank Vatrano is hit by Adam Larsson and loses puck.
17:08 of 2nd period - Shot by Connor McDavid.
17:08 of 2nd period - Stopped by Mike Smith without a rebound.
17:09 of 2nd period - Leon Draisaitl wins face-off versus Mathew Barzal in SALEM BLACK JAYS zone.
17:16 of 2nd period - Shot by Jakob Silfverberg.
17:16 of 2nd period - Shot Misses the Net.
17:18 of 2nd period - Shot by Jacob Trouba.
17:18 of 2nd period - Shot Blocked by Michal Kempny.
17:20 of 2nd period - Shot by Chris Kreider.
17:20 of 2nd period - Shot Misses the Net.
17:30 of 2nd period - Mikko Rantanen is hit by Chris Kreider.
18:30 of 2nd period - Shot by Nathan MacKinnon.
18:30 of 2nd period - Shot Misses the Net.
18:51 of 2nd period - Shot by Connor McDavid.
18:51 of 2nd period - Shot Misses the Net.
18:53 of 2nd period - Shot by Nathan MacKinnon.
18:53 of 2nd period - Shot Blocked by Scott Mayfield.
19:29 of 2nd period - Shot by Tyler Bozak.
19:29 of 2nd period - Shot Blocked by Michal Kempny.
19:31 of 2nd period - Shot by Josh Archibald.
19:31 of 2nd period - Shot Blocked by Michal Kempny.
19:33 of 2nd period - Shot by Frank Vatrano.
19:33 of 2nd period - Stopped by Mike Smith without a rebound.
19:34 of 2nd period - Nate Thompson wins face-off versus Casey Cizikas in SALEM BLACK JAYS zone.
19:42 of 2nd period - Casey Cizikas is hit by Jacob Trouba and loses puck.
19:48 of 2nd period - Martin Necas is hit by Jacob Trouba and loses puck.
Goals for this period are 2 for SALEM BLACK JAYS vs 0 for ANCHORAGE ACES.
Shots for this period are 10 for SALEM BLACK JAYS vs 6 for ANCHORAGE ACES.

3rd period


0:01 of 3rd period - Dylan Larkin wins face-off versus Nathan MacKinnon in neutral zone.
0:22 of 3rd period - Shot by Dylan Larkin.
0:22 of 3rd period - Shot Misses the Net.
0:24 of 3rd period - Shot by Matthew Calvert.
0:24 of 3rd period - Stopped by Martin Jones with a rebound.
0:26 of 3rd period - Shot by Joshua Morrissey.
0:26 of 3rd period - Shot Misses the Net.
0:28 of 3rd period - Shot by Joshua Morrissey.
0:28 of 3rd period - Stopped by Martin Jones without a rebound.
0:29 of 3rd period - Leon Draisaitl wins face-off versus Mathew Barzal in ANCHORAGE ACES zone.
0:51 of 3rd period - Icing by Michal Kempny.
0:52 of 3rd period - Tyler Bozak wins face-off versus Mathew Barzal in SALEM BLACK JAYS zone.
1:08 of 3rd period - Shot by Mathew Barzal.
1:08 of 3rd period - Shot Misses the Net.
1:52 of 3rd period - Shot by Dylan Larkin.
1:52 of 3rd period - Stopped by Martin Jones without a rebound.
1:53 of 3rd period - Casey Cizikas wins face-off versus Nathan MacKinnon in ANCHORAGE ACES zone.
2:03 of 3rd period - Minor Penalty to Jacob Trouba for Hooking.
2:04 of 3rd period - Dylan Larkin wins face-off versus Tyler Bozak in ANCHORAGE ACES zone.
2:18 of 3rd period - Dylan Larkin is hit by Ben Chiarot and loses puck.
4:26 of 3rd period - Icing by Adam Larsson.
4:27 of 3rd period - Casey Cizikas wins face-off versus Leon Draisaitl in SALEM BLACK JAYS zone.
4:27 of 3rd period - Martin Necas is hit by Chris Kreider and loses puck.
4:40 of 3rd period - Shot by Jakob Silfverberg.
4:40 of 3rd period - Stopped by Mike Smith without a rebound.
4:41 of 3rd period - Nathan MacKinnon wins face-off versus Mathew Barzal in SALEM BLACK JAYS zone.
4:44 of 3rd period - Shot by Nathan MacKinnon.
4:44 of 3rd period - Stopped by Mike Smith without a rebound.
4:45 of 3rd period - Mathew Barzal wins face-off versus Nathan MacKinnon in SALEM BLACK JAYS zone.
4:45 of 3rd period - Mathew Barzal is hit by Nathan MacKinnon.
5:03 of 3rd period - Icing by Ben Chiarot.
5:04 of 3rd period - Joonas Donskoi wins face-off versus Matthew Calvert in ANCHORAGE ACES zone.
5:15 of 3rd period - Shot by Connor McDavid.
5:15 of 3rd period - Stopped by Mike Smith with a rebound.
5:17 of 3rd period - Shot by Joonas Donskoi.
5:17 of 3rd period - Stopped by Mike Smith without a rebound.
5:18 of 3rd period - Mathew Barzal wins face-off versus Leon Draisaitl in SALEM BLACK JAYS zone.
5:56 of 3rd period - Icing by Leon Draisaitl.
5:57 of 3rd period - Leon Draisaitl wins face-off versus Mitchell Marner in ANCHORAGE ACES zone.
6:02 of 3rd period - Shot by Chris Kreider.
6:02 of 3rd period - Stopped by Mike Smith without a rebound.
6:03 of 3rd period - Dylan Larkin wins face-off versus Nathan MacKinnon in SALEM BLACK JAYS zone.
6:20 of 3rd period - Shot by Dylan Larkin.
6:20 of 3rd period - Shot Misses the Net.
6:22 of 3rd period - Shot by Dylan Larkin.
6:22 of 3rd period - Goal by Dylan Larkin - SALEM BLACK JAYS : 3 - ANCHORAGE ACES : 0.
6:23 of 3rd period - Tyler Bozak wins face-off versus Mathew Barzal in neutral zone.
6:37 of 3rd period - Off-side.
6:38 of 3rd period - Dylan Larkin wins face-off versus Nathan MacKinnon in neutral zone.
7:00 of 3rd period - Shot by Connor McDavid.
7:00 of 3rd period - Stopped by Mike Smith with a rebound.
7:49 of 3rd period - Minor Penalty to Chris Kreider for Holding Stick.
7:50 of 3rd period - Tyler Bozak wins face-off versus Mathew Barzal in ANCHORAGE ACES zone.
8:33 of 3rd period - Shot by Mikko Rantanen.
8:33 of 3rd period - Shot Misses the Net.
8:35 of 3rd period - Shot by Joshua Morrissey.
8:35 of 3rd period - Stopped by Martin Jones without a rebound.
8:36 of 3rd period - Nate Thompson wins face-off versus Dylan Larkin in ANCHORAGE ACES zone.
8:36 of 3rd period - Nate Thompson is hit by Dylan Larkin.
8:54 of 3rd period - Shot by Matthew Calvert.
8:54 of 3rd period - Stopped by Martin Jones without a rebound.
8:55 of 3rd period - Tyler Bozak wins face-off versus Mathew Barzal in ANCHORAGE ACES zone.
9:12 of 3rd period - Deryk Engelland is hit by Mikko Rantanen and loses puck.
9:52 of 3rd period - Shot by Matthew Calvert.
9:52 of 3rd period - Stopped by Martin Jones without a rebound.
9:53 of 3rd period - Casey Cizikas wins face-off versus Nathan MacKinnon in ANCHORAGE ACES zone.
10:08 of 3rd period - Shot by Nathan MacKinnon.
10:08 of 3rd period - Goal by Nathan MacKinnon - SALEM BLACK JAYS : 3 - ANCHORAGE ACES : 1.
10:09 of 3rd period - Nate Thompson wins face-off versus Par Lindholm in neutral zone.
10:09 of 3rd period - Minor Penalty to Kyle Clifford for Hooking.
10:10 of 3rd period - Connor McDavid wins face-off versus Casey Cizikas in SALEM BLACK JAYS zone.
10:17 of 3rd period - Shot by Connor McDavid.
10:17 of 3rd period - Shot Misses the Net.
11:27 of 3rd period - Cody Ceci is hit by Frank Vatrano and loses puck.
11:42 of 3rd period - Shot by Dylan Larkin.
11:42 of 3rd period - Deflect By Par Lindholm.
11:42 of 3rd period - Stopped by Martin Jones without a rebound.
11:43 of 3rd period - Nathan MacKinnon wins face-off versus Casey Cizikas in ANCHORAGE ACES zone.
12:41 of 3rd period - Shot by Mikko Rantanen.
12:41 of 3rd period - Shot Misses the Net.
13:23 of 3rd period - Shot by Kyle Clifford.
13:23 of 3rd period - Stopped by Martin Jones without a rebound.
13:24 of 3rd period - Leon Draisaitl wins face-off versus Dylan Larkin in ANCHORAGE ACES zone.
13:24 of 3rd period - Leon Draisaitl is hit by Matthew Calvert.
13:50 of 3rd period - Shot by Mitchell Marner.
13:50 of 3rd period - Stopped by Martin Jones without a rebound.
13:51 of 3rd period - Joonas Donskoi wins face-off versus Casey Cizikas in ANCHORAGE ACES zone.
13:51 of 3rd period - Joonas Donskoi is hit by Martin Necas.
14:13 of 3rd period - Shot by Nathan MacKinnon.
14:13 of 3rd period - Shot Misses the Net.
14:23 of 3rd period - Shot by Casey Cizikas.
14:23 of 3rd period - Shot Misses the Net.
14:25 of 3rd period - Shot by Casey Cizikas.
14:25 of 3rd period - Shot Misses the Net.
14:46 of 3rd period - Joonas Donskoi is hit by Mathew Barzal.
14:50 of 3rd period - Darnell Nurse is hit by Mathew Barzal and loses puck.
15:07 of 3rd period - Mikko Rantanen is hit by Ben Chiarot and loses puck.
15:24 of 3rd period - Shot by Leon Draisaitl.
15:24 of 3rd period - Shot Blocked by Joshua Morrissey.
15:28 of 3rd period - Shot by Jakob Silfverberg.
15:28 of 3rd period - Shot Misses the Net.
15:30 of 3rd period - Shot by Leon Draisaitl.
15:30 of 3rd period - Shot Blocked by Joshua Morrissey.
15:32 of 3rd period - Shot by Jakob Silfverberg.
15:32 of 3rd period - Deflect By Leon Draisaitl.
15:32 of 3rd period - Goal by Leon Draisaitl - SALEM BLACK JAYS : 3 - ANCHORAGE ACES : 2.
15:33 of 3rd period - Tyler Bozak wins face-off versus Dylan Larkin in neutral zone.
15:50 of 3rd period - Ryan Suter is hit by Matthew Calvert and loses puck.
15:56 of 3rd period - Off-side.
15:57 of 3rd period - Leon Draisaitl wins face-off versus Martin Necas in neutral zone.
16:03 of 3rd period - Jakob Silfverberg is hit by Michal Kempny and loses puck.
16:06 of 3rd period - Shot by Chris Kreider.
16:06 of 3rd period - Stopped by Mike Smith without a rebound.
16:07 of 3rd period - Leon Draisaitl wins face-off versus Matthew Calvert in SALEM BLACK JAYS zone.
16:13 of 3rd period - Double Minor Penalty to Adam Larsson for Roughing.
16:14 of 3rd period - Connor McDavid wins face-off versus Casey Cizikas in SALEM BLACK JAYS zone.
17:38 of 3rd period - Shot by Nathan MacKinnon.
17:38 of 3rd period - Stopped by Mike Smith without a rebound.
17:39 of 3rd period - Nathan MacKinnon wins face-off versus Casey Cizikas in SALEM BLACK JAYS zone.
18:04 of 3rd period - Shot by Nathan MacKinnon.
18:04 of 3rd period - Goal by Nathan MacKinnon - SALEM BLACK JAYS : 3 - ANCHORAGE ACES : 3.
18:05 of 3rd period - Dylan Larkin wins face-off versus Connor McDavid in neutral zone.
18:16 of 3rd period - Shot by Connor McDavid.
18:16 of 3rd period - Shot Misses the Net.
18:18 of 3rd period - Shot by Connor McDavid.
18:18 of 3rd period - Shot Misses the Net.
18:38 of 3rd period - Shot by Chris Kreider.
18:38 of 3rd period - Shot Blocked by Scott Mayfield.
18:40 of 3rd period - Shot by Connor McDavid.
18:40 of 3rd period - Shot Misses the Net.
18:42 of 3rd period - Shot by Leon Draisaitl.
18:42 of 3rd period - Stopped by Mike Smith without a rebound.
18:43 of 3rd period - Nathan MacKinnon wins face-off versus Dylan Larkin in SALEM BLACK JAYS zone.
19:00 of 3rd period - Shot by Jakob Silfverberg.
19:00 of 3rd period - Stopped by Mike Smith without a rebound.
19:01 of 3rd period - Casey Cizikas wins face-off versus Connor McDavid in SALEM BLACK JAYS zone.
19:17 of 3rd period - Shot by Jacob Trouba.
19:17 of 3rd period - Shot Blocked by Scott Mayfield.
19:23 of 3rd period - Shot by Leon Draisaitl.
19:23 of 3rd period - Shot Misses the Net.
19:25 of 3rd period - Shot by Connor McDavid.
19:25 of 3rd period - Stopped by Mike Smith with a rebound.
19:27 of 3rd period - Shot by Jacob Trouba.
19:27 of 3rd period - Shot Misses the Net.
Goals for this period are 1 for SALEM BLACK JAYS vs 3 for ANCHORAGE ACES.
Shots for this period are 10 for SALEM BLACK JAYS vs 14 for ANCHORAGE ACES.

Overtime #1


0:01 of 1st overtime period - Nathan MacKinnon wins face-off versus Casey Cizikas in neutral zone.
0:07 of 1st overtime period - Shot by Ryan Suter.
0:07 of 1st overtime period - Shot Misses the Net.
0:21 of 1st overtime period - Shot by Connor McDavid.
0:21 of 1st overtime period - Shot Misses the Net.
0:23 of 1st overtime period - Shot by Nathan MacKinnon.
0:23 of 1st overtime period - Shot Misses the Net.
0:37 of 1st overtime period - Shot by Connor McDavid.
0:37 of 1st overtime period - Shot Misses the Net.
1:15 of 1st overtime period - Shot by Mathew Barzal.
1:15 of 1st overtime period - Stopped by Martin Jones without a rebound.
1:16 of 1st overtime period - Leon Draisaitl wins face-off versus Mathew Barzal in ANCHORAGE ACES zone.
2:14 of 1st overtime period - Off-side.
2:15 of 1st overtime period - Dylan Larkin wins face-off versus Nathan MacKinnon in neutral zone.
3:32 of 1st overtime period - Shot by Matthew Calvert.
3:32 of 1st overtime period - Stopped by Martin Jones with a rebound.
3:40 of 1st overtime period - Shot by Matthew Calvert.
3:40 of 1st overtime period - Stopped by Martin Jones without a rebound.
3:41 of 1st overtime period - Leon Draisaitl wins face-off versus Dylan Larkin in ANCHORAGE ACES zone.
3:54 of 1st overtime period - Shot by Jakob Silfverberg.
3:54 of 1st overtime period - Stopped by Mike Smith without a rebound.
3:55 of 1st overtime period - Mathew Barzal wins face-off versus Chris Kreider in SALEM BLACK JAYS zone.
4:29 of 1st overtime period - Shot by Mikko Rantanen.
4:29 of 1st overtime period - Stopped by Martin Jones without a rebound.
4:30 of 1st overtime period - Dylan Larkin wins face-off versus Nathan MacKinnon in ANCHORAGE ACES zone.
4:31 of 1st overtime period - Shot by Mitchell Marner.
4:31 of 1st overtime period - Stopped by Martin Jones without a rebound.
4:32 of 1st overtime period - Nathan MacKinnon wins face-off versus Dylan Larkin in ANCHORAGE ACES zone.
4:47 of 1st overtime period - Shot by Nathan MacKinnon.
4:47 of 1st overtime period - Stopped by Mike Smith without a rebound.
4:48 of 1st overtime period - Dylan Larkin wins face-off versus Nathan MacKinnon in SALEM BLACK JAYS zone.
Goals for this period are 0 for SALEM BLACK JAYS vs 0 for ANCHORAGE ACES.
Shots for this period are 5 for SALEM BLACK JAYS vs 2 for ANCHORAGE ACES.

ShootOut


5:00 of 1st overtime period - Round #1.
5:00 of 1st overtime period - SALEM BLACK JAYS, Mikko Rantanen.
5:00 of 1st overtime period - Stopped by Martin Jones.
5:00 of 1st overtime period - ANCHORAGE ACES, Connor McDavid.
5:00 of 1st overtime period - Shot Misses the Net.
5:00 of 1st overtime period - Round #2.
5:00 of 1st overtime period - SALEM BLACK JAYS, Mitchell Marner.
5:00 of 1st overtime period - Stopped by Martin Jones.
5:00 of 1st overtime period - ANCHORAGE ACES, Nathan MacKinnon.
5:00 of 1st overtime period - Goal by Nathan MacKinnon.
5:00 of 1st overtime period - Round #3.
5:00 of 1st overtime period - SALEM BLACK JAYS, Martin Necas.
5:00 of 1st overtime period - Shot Misses the Net.


SEBASTIAN
AHO
MARK
SCHEIFELE
JAKE
OETTINGER

EAST COAST

HOCKEY LEAGUE

  • 17.QUE3CHI2
  • 18.CHA2LIM4
  • 19.TRV3LON2
  • 20.CHW1BAL2
  • 21.PITMAN
  • 22.ATLNHW
  • 23.WORPET
  • 24.RHI